 Dungeon Crawl Stone Soup version 0.24.0-29-g8ce449bc06 (webtiles) character file.

Game seed: 15269064880532884587, levelgen mode: deterministic

68 Matador8 the Grasshopper (level 4, -2/33 HPs)
             Began as a Demonspawn Warper on Nov 15, 2019.
             Was an Initiate of Ru.
             Killed from afar by an orc wizard (10 damage)
             ... with a magic dart
             ... on level 2 of the Dungeon.
             The game lasted 00:11:40 (3094 turns).

Matador8 the Grasshopper (Demonspawn Warper)        Turns: 3094, Time: 00:11:41

Health: -2/33      AC:  3    Str: 12    XL:     4   Next: 1%
Magic:  7/7        EV: 12    Int: 14    God:    Ru [......]
Gold:   112        SH:  0    Dex: 13    Spells: 5/7 levels left

rFire    . . .     SeeInvis .   a - +0 mace
rCold    . . .     Gourm    .   (no shield)
rNeg     . . .     Faith    .   b - +0 leather armour
rPois    .         Spirit   .   (no helmet)
rElec    .         Reflect  .   (no cloak)
rCorr    .         Harm     .   (no gloves)
MR       .....                  (no boots)
Stlth    +.........             (no amulet)
HPRegen  0.11/turn              (no ring)
MPRegen  0.10/turn              (no ring)

@: no status effects
A: powered by pain 1, rot immunity
a: Renounce Religion


You were on level 2 of the Dungeon.
You worshipped Ru.
Ru was noncommittal.
You were not hungry.

You visited 1 branch of the dungeon, and saw 3 of its levels.

You collected 112 gold pieces.

Inventory:

Hand Weapons
 a - a +0 mace (weapon)
Missiles
 g - 9 poisoned darts (quivered)
Armour
 b - a +0 leather armour (worn)
 l - a +0 shield
 o - a +0 ring mail
Scrolls
 d - a scroll of blinking
 e - a scroll of teleportation {unknown}
 h - a scroll of identify {unknown}
 k - 2 scrolls of fog {unknown}
 m - a scroll of fear {unknown}
 p - a scroll of enchant weapon {unknown}
Potions
 c - a potion of brilliance
 j - a potion of heal wounds {unknown}
 n - a potion of ambrosia {unknown}
Comestibles
 f - 3 rations


   Skills:
 - Level 2.0 Fighting
 + Level 3.2 Maces & Flails
 - Level 1.0 Throwing
 - Level 0.8 Armour
 - Level 1.7 Dodging
 - Level 2.0 Spellcasting
 + Level 3.4 Translocations


You had 5 spell levels left.
You knew the following spells:

 Your Spells              Type           Power        Failure   Level  Hunger
a - Blink                 Tloc           N/A          11%         2    ###....

Your spell library contained the following spells:

 Spells                   Type           Power        Failure   Level  Hunger
 Shroud of Golubria       Chrm/Tloc      #.....       22%         2    ###....
 Gell's Gravitas          Tloc           ##........   22%         3    ####...
 Lesser Beckoning         Tloc           ##........   22%         3    ####...
 Teleport Other           Tloc           ##......     22%         3    ####...
 Passage of Golubria      Tloc           N/A          58%         4    #####..


Dungeon Overview and Level Annotations

Branches:
Dungeon (3/15)

Altars:
Ashenzari
Elyvilon
Gozag
Makhleb
Ru
Trog
The Shining One


Innate Abilities, Weirdness & Mutations

You sometimes gain a little power by taking damage.
You are immune to rotting.


Message History

Here: an iguana The floor.
There is a stone staircase leading down here.
You see here a poisoned dart.
Found 16 arrows.
There is a stone staircase leading up here.
You climb upwards.
There is a stone staircase leading down here.
You eat one of the 4 rations.
That ration really hit the spot!
You start resting.
Magic restored.
You start resting.
The orc wizard is too close now for your liking.
The orc wizard shouts!
The orc wizard casts a spell at you. The magic dart hits you.
* * * LOW HITPOINT WARNING * * *
The orc wizard gestures at you while chanting.
The magic dart hits you!
You die...

##...###.....# #.##.# ##.# #...#
#.....# #.#.o# #..# #####...#
#.....# #.#.## #.## ..[.#...#
#.....# #.#.# #.# ###.....#
#.....###...#####.##### # ###...#
######.......#........# # #...#
#.......#........#
#####...########.......#........#
.............<..@...............#
########################......>.#
# #....[...# ### #........# ..#
#........# #.# ########## #.# #.#
#.#


You could see an orc wizard.

Vanquished Creatures
  An adder (D:2)
  2 worms
  A dart slug (D:1)
  3 ball pythons
  6 bats
  2 giant cockroaches (D:1)
  4 goblins
  5 hobgoblins
  9 jackals
  2 frilled lizards (D:1)
  4 kobolds
  8 rats
47 creatures vanquished.

Vanquished Creatures (others)
  A frilled lizard (D:1)
  A rat (D:1)
2 creatures vanquished.

Grand Total: 49 creatures vanquished

Notes
Turn   | Place    | Note
-------+----------+-------------------------------------------
     0 | D:1      | Matador8 the Demonspawn Warper began the quest for the Orb.
     0 | D:1      | Reached XP level 1. HP: 16/16 MP: 3/3
     8 | D:1      | Reached skill level 1 in Throwing
    88 | D:1      | Gained mutation: You are immune to rotting. [demonic
                  | ancestry]
    88 | D:1      | Reached XP level 2. HP: 11/22 MP: 5/5
    92 | D:1      | Learned a level 2 spell: Blink
  1024 | D:1      | Gained mutation: You sometimes gain a little power by
                  | taking damage. [demonic ancestry]
  1024 | D:1      | Reached XP level 3. HP: 20/27 MP: 6/6
  1822 | D:2      | Found a bloodstained altar of Trog.
  1822 | D:2      | Found a burning altar of Makhleb.
  1953 | D:2      | Found a shattered altar of Ashenzari.
  1953 | D:2      | Found a sacrificial altar of Ru.
  1955 | D:2      | Found a glowing golden altar of the Shining One.
  1955 | D:2      | Found a white marble altar of Elyvilon.
  1956 | D:2      | Found an opulent altar of Gozag.
  1980 | D:2      | Became a worshipper of Ru the Awakened
  2550 | D:2      | HP: 1/27 [orc wizard/puff of flame (11)]
  2981 | D:3      | Reached XP level 4. HP: 25/33 MP: 7/7
  3094 | D:2      | Killed from afar by an orc wizard

Levels and vault maps discovered:
D:1:      lightli_arrival_maybe_door_vault, layout_basic, lemuel_flame_loot_1
D:2:      layout_rooms, grunt_temple_overflow_open, minmay_tripent
D:3:      layout_loops_ring, lemuel_zombie_altar_yredelemnul

Skill      XL: |  1  2  3 |
---------------+----------+-----
Throwing       | 1 |  1.0
Maces & Flails | 2 3 |  3.2
Translocations | 3 |  3.4
Fighting       | |  2.0
Armour         | |  0.8
Dodging        | |  1.7
Spellcasting   | |  2.0

Action                   |  1- 3 |  4- 6 || total
-------------------------+-------+-------++-------
Melee: Mace              |   197 |     1 ||   198
Throw: Boomerang         |     5 |       ||     5
       Dart              |     5 |     1 ||     6
 Cast: Blink             |     1 |     2 ||     3
  Use: Potion            |     3 |       ||     3
 Stab: Sleeping          |     1 |       ||     1
  Eat: Chunk             |     5 |       ||     5
       Ration            |       |     1 ||     1
Armor: Leather armour    |    72 |       ||    72
Dodge: Dodged            |   131 |     1 ||   132
